 Dungeon Crawl Stone Soup version 0.20.1-1-g8b1a95d (webtiles) character file.

3602 Jerry the Cleaver (level 10, -3/77 HPs)
             Began as a Hill Orc Chaos Knight on Oct 20, 2017.
             Slain by a two-headed ogre
             ... wielding a +0 giant club
              (7 damage)
             ... on level 8 of the Dungeon.
             The game lasted 00:27:17 (8968 turns).

Jerry the Cleaver (Hill Orc Chaos Knight)           Turns: 8968, Time: 00:27:18

Health: -3/77      AC: 14    Str: 17    XL:     10   Next: 10%
Magic:  10/10      EV:  6    Int: 10    God:    Xom [*.....]
Gold:   532        SH:  0    Dex: 10    Spells: 7/9 levels left

rFire    x . .     SeeInvis .   i - +6 battleaxe
rCold    + . .     Gourm    .   (shield currently unavailable)
rNeg     + . .     Faith    .   h - +0 plate armour
rPois    .         Spirit   .   (helmet restricted)
rElec    .         Reflect  .   (no cloak)
rCorr    .         Harm     .   (no gloves)
MR       .....                  (no boots)
Stlth    ..........             (no amulet)
Regen    0.3/turn               z - ring of positive energy
MPRegen  0.2/turn               w - ring of ice

@: no status effects
A: horns 1, talons 1, dopey 1, screaming 1, weak 1
a: Renounce Religion


You were on level 8 of the Dungeon.
You worshipped Xom.
You were a special plaything of Xom.
You were not hungry.

You visited 1 branch of the dungeon, and saw 8 of its levels.
You also visited: Sewer.

You collected 532 gold pieces.

Inventory:

Hand Weapons
 i - a +6 battleaxe (weapon)
 q - a +3 war axe
Armour
 h - a +0 plate armour (worn)
 y - a +0 ring mail of fire resistance
Jewellery
 e - an uncursed ring of flight
 w - a ring of ice (right hand)
 z - a ring of positive energy (left hand)
Scrolls
 j - 4 scrolls of identify
 m - 3 scrolls of teleportation
 o - a scroll of blinking
 r - 2 scrolls of remove curse
 s - 2 scrolls of magic mapping
Potions
 d - a potion of magic {unknown}
 l - a potion of flight {unknown}
 n - a potion of berserk rage {unknown}
 p - 4 potions of lignification {unknown}
 t - 2 potions of invisibility {unknown}
 u - a potion of heal wounds
 v - 2 potions of curing
Books
 k - a book of Cantrips

   Spells                             Type                      Level
   a - Confusing Touch                Hexes                        1
   b - Animate Skeleton               Necromancy                   1
   c - Summon Small Mammal            Summoning                    1
   d - Apportation                    Translocation                1
 A - a book of Air

   Spells                             Type                      Level
   a - Shock                          Conjuration/Air              1
   b - Swiftness                      Charms/Air                   2
   c - Static Discharge               Conjuration/Air              3
   d - Airstrike                      Air                          4
   e - Lightning Bolt                 Conjuration/Air              5
Comestibles
 a - 4 fruits
 b - a chunk of flesh
 c - 6 bread rations
 f - 2 royal jellies
 g - 7 meat rations


   Skills:
 - Level 3.6 Fighting
 * Level 14.6 Axes
 + Level 9.4 Armour
 - Level 0.7 Dodging


You had 7 spell levels left.
You knew the following spells:

 Your Spells              Type           Power        Failure   Level  Hunger
a - Animate Skeleton      Necr           N/A          100%        1    ##.....
b - Apportation           Tloc           #.....       100%        1    ##.....


Dungeon Overview and Level Annotations

Branches:
Dungeon (8/15)             Temple (0/1) D:7
   Lair: D:8-11

Altars:
Dithmenos
Fedhas
Hepliaklqana
Kikubaaqudgha
Makhleb
Nemelex Xobeh
Okawaru
Vehumet
The Shining One

Shops:
D:5 }   D:6 :


Innate Abilities, Weirdness & Mutations

You have a pair of small horns on your head.
You have sharp toenails.
You are dopey. (Int -2)
You occasionally shout uncontrollably at your foes.
You are weak. (Str -2)


Message History

"First here, now there."
You swap places with the two-headed ogre.
The two-headed ogre looks rather confused.
You hit the two-headed ogre.
The two-headed ogre is severely wounded.
The two-headed ogre hits you with a giant club!
* * * LOW HITPOINT WARNING * * *
The two-headed ogre hits you with a giant club!
* * * LOW HITPOINT WARNING * * *
A phantom comes into view.
You catch the helpless two-headed ogre completely off-guard!
You hit the two-headed ogre.
The two-headed ogre is severely wounded.
You hit the two-headed ogre but do no damage.
The two-headed ogre is severely wounded.
The two-headed ogre looks very confused.
The two-headed ogre barely misses you.
The two-headed ogre hits you with a giant club!
You die...
Xom thinks this is hilarious!

# **$.##,
#..###....########## ####
##.#... ..#........# #...
....... #..........###...
....(.W##*#..............
........# #.............(
.......<###.........##...
........).#........###...
........@.........(# ####
?......##O.........#
....... ##.........#
....... #.........#
.......* ##.$.######
...#### ###..# . ##...
####


You could see a two-headed ogre (confused) and a phantom.

Vanquished Creatures
  A two-headed ogre (D:8)
  2 phantoms
  An orc warrior (D:6)
  4 ice beasts
  2 sky beasts
  3 ogres
  A crocodile (Sewer)
  A centaur (D:5)
  Blork the orc (D:6)
  3 bullfrogs
  A scorpion (D:6)
  5 wights (D:6)
  4 killer bees (D:3)
  A howler monkey (D:6)
  2 crimson imps
  4 jellies
  3 hounds
  A bullfrog skeleton (D:4)
  2 orc priests
  3 orc wizards
  Jessica (D:2)
  A centaur skeleton (D:4)
  2 iguanas
  3 worker ants
  A hound zombie (D:5)
  A hound skeleton (D:4)
  A mummy (D:4)
  10 adders
  6 gnolls
  4 shadow imps
  An adder zombie (D:6)
  An adder skeleton (D:5)
  A worm (D:3)
  3 dart slugs
  4 leopard geckos
  27 orcs
  14 goblins
  8 hobgoblins
  8 jackals
  11 kobolds
  A quokka (D:7)
  8 bats
  8 frilled lizards
  A jackal skeleton (D:5)
  9 rats
  A withered plant (D:2)
181 creatures vanquished.

Vanquished Creatures (collateral kills)
  2 killer bees (D:3)
  Robin (D:3)
  3 hobgoblins (D:3)
  A jackal (D:3)
  6 goblins (D:3)
13 creatures vanquished.

Vanquished Creatures (others)
  A phantom (D:4)
1 creature vanquished.

Grand Total: 195 creatures vanquished

Notes
Turn   | Place    | Note
-------+----------+-------------------------------------------
     0 | D:1      | Jerry the Hill Orc Chaos Knight began the quest for the Orb.
     0 | D:1      | Reached XP level 1. HP: 19/19 MP: 1/1
   114 | D:1      | XOM: divination: magic mapping
   286 | D:1      | XOM: harmless Air miscast
   382 | D:1      | Reached XP level 2. HP: 20/26 MP: 2/2
   914 | D:1      | Reached skill level 5 in Axes
   970 | D:1      | Noticed a sky beast
   979 | D:1      | XOM: potion effect (might)
   980 | D:1      | XOM: butterfly on damage
   983 | D:1      | Killed a sky beast
   983 | D:1      | Reached skill level 6 in Axes
   983 | D:1      | Reached XP level 3. HP: 15/31 MP: 3/3
   983 | D:1      | Reached XP level 4. HP: 19/39 MP: 4/4
   987 | D:1      | Gained mutation: You have sharp toenails. [mutagenic meat]
   988 | D:1      | Gained mutation: You are dopey. (Int -2) [mutagenic meat]
   989 | D:1      | Gained mutation: You have a pair of small horns on your head. [mutagenic meat]
   990 | D:1      | Gained mutation: You are weak. (Str -2) [mutagenic meat]
  1293 | D:2      | Reached XP level 5. HP: 44/45 MP: 5/5
  1356 | D:2      | Found a sparkling altar of Nemelex Xobeh.
  1356 | D:2      | Noticed Jessica
  1359 | D:2      | Killed Jessica
  1529 | D:2      | XOM: divination: magic mapping
  1548 | D:2      | XOM: mild Summ miscast
  1595 | D:2      | XOM: enchant monster (good)
  1645 | D:2      | Reached skill level 7 in Axes
  1875 | D:2      | XOM: noise
  1877 | D:2      | Found a blossoming altar of Fedhas.
  1877 | D:2      | Found an ancient bone altar of Kikubaaqudgha.
  1943 | D:2      | Found a faded altar of an unknown god.
  1960 | D:2      | XOM: mild Chrm miscast
  2450 | D:3      | Found a burning altar of Makhleb.
  2529 | D:3      | Reached XP level 6. HP: 14/51 MP: 6/6
  2536 | D:3      | Reached skill level 8 in Axes
  2540 | D:3      | Noticed Robin
  2555 | D:3      | Killed Robin
  2582 | D:2      | XOM: give mutation
  2582 | D:2      | Gained mutation: You occasionally shout uncontrollably at your foes. [Xom's mischief]
  2621 | D:2      | XOM: cloud trail
  3095 | D:3      | Reached XP level 7. HP: 53/57 MP: 7/7
  3110 | D:3      | Found a glowing golden altar of the Shining One.
  3405 | D:4      | Reached skill level 5 in Armour
  3520 | D:4      | Found a glowing drain.
  3561 | Sewer    | Entered a sewer
  3748 | Sewer    | Reached skill level 9 in Axes
  3962 | Sewer    | XOM: scenery: create altars
  4162 | D:4      | XOM: potion effect (might)
  4163 | D:4      | XOM: divination: detect creatures
  4346 | D:4      | XOM: divination: detect items
  4377 | D:4      | XOM: enchant monster (bad)
  4383 | D:4      | Reached skill level 10 in Axes
  4383 | D:4      | Reached XP level 8. HP: 55/64 MP: 8/8
  4573 | D:4      | Learned a level 1 spell: Animate Skeleton
  4575 | D:4      | Learned a level 1 spell: Apportation
  4599 | D:5      | Entered Level 5 of the Dungeon
  4967 | D:5      | XOM: cloud trail
  5156 | D:5      | XOM: noise
  5305 | D:5      | Reached skill level 11 in Axes
  5429 | D:5      | Found Doamet's Gadget Boutique.
  5447 | D:5      | XOM: cast spell 'Call Canine Familiar'
  5510 | D:5      | XOM: harmless Pois miscast
  5666 | D:5      | XOM: noise
  5859 | D:6      | Found a shadowy altar of Dithmenos.
  5863 | D:6      | Found a radiant altar of Vehumet.
  5894 | D:6      | XOM: mild Tmut miscast
  6088 | D:6      | XOM: chaos cloud
  6094 | D:6      | Reached skill level 12 in Axes
  6098 | D:6      | Reached XP level 9. HP: 43/70 MP: 9/9
  6374 | D:6      | XOM: 2-stop teleportation journey
  6398 | D:6      | Noticed Blork the orc
  6417 | D:6      | Killed Blork the orc
  6452 | D:6      | XOM: enchant monster (good)
  6792 | D:5      | XOM: medium Erth miscast
  7059 | D:6      | Found Voriaghi's Book Shoppe.
  7547 | D:6      | XOM: medium Ice miscast
  7587 | D:6      | Reached skill level 13 in Axes
  7625 | D:6      | XOM: smoke on damage
  7834 | D:7      | XOM: cast spell 'Olgreb's Toxic Radiance'
  7942 | D:7      | Found a staircase to the Ecumenical Temple.
  8379 | D:7      | XOM: divination: detect creatures
  8460 | D:7      | Found an iron altar of Okawaru.
  8460 | D:7      | Found a hazy altar of Hepliaklqana.
  8768 | D:8      | Noticed a two-headed ogre
  8768 | D:8      | XOM: divination: magic mapping
  8891 | D:8      | XOM: divination: detect creatures
  8953 | D:8      | Noticed a two-headed ogre
  8963 | D:8      | Killed a two-headed ogre
  8963 | D:8      | Reached skill level 14 in Axes
  8963 | D:8      | Reached XP level 10. HP: 34/77 MP: 10/10
  8964 | D:8      | XOM: harmless Tloc miscast
  8965 | D:8      | XOM: swap monsters
  8966 | D:8      | HP: 3/77 [two-headed ogre/giant club (15)]
  8968 | D:8      | Slain by a two-headed ogre

Skill      XL: |  1  2  3  4  5  6  7  8  9 |
---------------+----------------------------+-----
Axes           | 6 7 8 10 12 14 | 14.6
Armour         | 3 4 5 7 9 |  9.4
Fighting       | |  3.6
Dodging        | |  0.7

Action                   |  1- 3 |  4- 6 |  7- 9 | 10-12 || total
-------------------------+-------+-------+-------+-------++-------
Melee: Hand axe          |    75 |   152 |    14 |       ||   241
       Kick              |       |    33 |    64 |     1 ||    98
       Headbutt          |       |    20 |    35 |     1 ||    56
       War axe           |       |       |   184 |       ||   184
       Battleaxe         |       |       |   122 |     5 ||   127
 Cast: Animate Skeleton  |       |       |     1 |       ||     1
 Abil: Evoke Flight      |       |       |     1 |       ||     1
  Use: Scroll            |       |     6 |     8 |       ||    14
       Potion            |       |     5 |     2 |       ||     7
 Stab: Paralysed         |     1 |       |       |       ||     1
       Distracted        |       |       |     1 |       ||     1
       Confused          |       |       |       |     1 ||     1
  Eat: Chunk             |       |    11 |    19 |       ||    30
Armor: Leather armour    |    24 |    56 |    46 |       ||   126
       Chain mail        |       |       |    32 |       ||    32
       Ring mail         |       |       |     4 |       ||     4
       Plate armour      |       |       |     4 |       ||     4
Dodge: Dodged            |    41 |    83 |   121 |     2 ||   247
